 Dungeon Crawl Stone Soup version 0.20-a0-689-g860b9ab (webtiles) character file.

102 kae the Skirmisher (level 4, -7/41 HPs)
             Began as a Minotaur Fighter on Feb 19, 2017.
             Mangled by Crazy Yiuf
             ... wielding a +2 quarterstaff of chaos
              (11 damage)
             ... on level 2 of the Dungeon.
             The game lasted 00:00:35 (1473 turns).

kae the Skirmisher (Minotaur Fighter)               Turns: 1473, Time: 00:00:36

Health: -7/41      AC:  7    Str: 21    XL:     4   Next: 49%
Magic:  3/3        EV:  7    Int:  5    God:
Gold:   89         SH:  9    Dex: 10    Spells: 3/3 levels left

rFire    . . .     SeeInvis .   a - +0 war axe
rCold    . . .     Gourm    .   b - +0 scale mail
rNeg     . . .     Faith    .   c - +0 shield
rPois    .         Spirit   .   (helmet restricted)
rElec    .         Reflect  .   (no cloak)
rCorr    .         Harm     .   (no gloves)
MR       .....                  (no boots)
Stlth    ..........             (no amulet)
Regen    0.2/turn               (no ring)
MPRegen  0.1/turn               (no ring)

@: slowed, very slow
A: retaliatory headbutt, horns 2
a: no special abilities


You were on level 2 of the Dungeon.
You were not hungry.

You visited 1 branch of the dungeon, and saw 2 of its levels.

You collected 89 gold pieces.

Inventory:

Hand Weapons
 a - a +0 war axe (weapon)
Armour
 b - a +0 scale mail (worn)
 c - a +0 shield (worn)
Jewellery
 i - an uncursed ring of resist corrosion {unknown}
Scrolls
 e - 2 scrolls of fear {unknown}
 g - a scroll of recharging {unknown}
 h - 2 scrolls of identify {unknown}
 j - 3 scrolls of teleportation {unknown}
 k - 2 scrolls of immolation {unknown}
 l - 2 scrolls of remove curse {unknown}
 m - a scroll of fog {unknown}
Potions
 d - 3 potions of might
Comestibles
 f - 3 bread rations
 n - 5 fruits
 o - a chunk of flesh


   Skills:
 + Level 4.7 Fighting
 * Level 4.2 Axes
 + Level 4.3 Armour
 - Level 3.6 Shields


You had 3 spell levels left.
You didn't know any spells.

Dungeon Overview and Level Annotations

Branches:
Dungeon (2/15)

Altars:

Annotations:
D:2 Crazy Yiuf


Innate Abilities, Weirdness & Mutations

You reflexively headbutt those who attack you in melee.
You have a pair of horns on your head.


Message History

You are too injured to fight recklessly!
You are too injured to fight recklessly!
You are too injured to fight recklessly!
You are too injured to fight recklessly!
You are too injured to fight recklessly!
You closely miss Crazy Yiuf.
Crazy Yiuf is almost dead.
Crazy Yiuf hits you with a quarterstaff of chaos!
* * * LOW HITPOINT WARNING * * *
You feel yourself slow down.
Crazy Yiuf hits you with a quarterstaff of chaos.
* * * LOW HITPOINT WARNING * * *
Crazy Yiuf burns you.
* * * LOW HITPOINT WARNING * * *
You hit Crazy Yiuf but do no damage. Your headbutt misses Crazy Yiuf.
Crazy Yiuf is almost dead.
Crazy Yiuf hits you with a quarterstaff of chaos.
* * * LOW HITPOINT WARNING * * *
Space warps horribly around you!
You die...

#....#
#...#...(.#
♣.P..♣
#.#....)..#
♣♣..)♣
#.(.####.###
♣♣.♣♣
######.....#
♣♣.♣ ###
#.....# ♣)♣♣
#.# #.....#
♣♣.♣ #.#
#.....# ♣)♣♣
#.# #..<..#
#@# #.#
#######
#.g)#
#.#######
#..)#
#.......#
#)..#
#.#####.#
#####
#....##.####
#.##........
#.#####†####
#.......#
#...†...#


You could see Crazy Yiuf.

Vanquished Creatures
  Natasha (D:2)
  Robin (D:2)
  An adder (D:2)
  A worm (D:2)
  4 dart slugs
  4 bats
  A giant cockroach (D:1)
  5 hobgoblins
  4 jackals (D:1)
  2 frilled lizards (D:1)
  13 goblins
  3 kobolds (D:2)
  5 rats
45 creatures vanquished.

Notes
Turn   | Place    | Note
-------+----------+-------------------------------------------
     0 | D:1      | kae the Minotaur Fighter began the quest for the Orb.
     0 | D:1      | Reached XP level 1. HP: 19/19 MP: 0/0
   368 | D:1      | Reached XP level 2. HP: 27/27 MP: 1/1
   922 | D:2      | Reached XP level 3. HP: 32/33 MP: 2/2
  1096 | D:2      | Found a runed door.
  1205 | D:2      | Noticed Natasha
  1210 | D:2      | Killed Natasha
  1210 | D:2      | Reached XP level 4. HP: 40/41 MP: 3/3
  1256 | D:2      | Noticed Robin
  1264 | D:2      | Killed Robin
  1467 | D:2      | Noticed Crazy Yiuf
  1473 | D:2      | Mangled by Crazy Yiuf

Vault maps used:
D:1:      dpeg_arrival_solitude
D:2:      serial_bayou_pond_d, uniq_natasha, uniq_robin, uniq_crazy_yiuf_cottage

Skill      XL: |  1  2  3  4 |
---------------+-------------+-----
Fighting       | 4 |  4.7
Axes           | 3 4 |  4.2
Armour         | 4 |  4.3
Shields        | |  3.6

Action                   |  1- 3 |  4- 6 || total
-------------------------+-------+-------++-------
Melee: War axe           |    79 |    15 ||    94
       Headbutt          |    12 |     4 ||    16
  Use: Potion            |       |     1 ||     1
  Eat: Chunk             |       |     2 ||     2
Armor: Scale mail        |    45 |     5 ||    50
Dodge: Dodged            |    27 |     5 ||    32
Block: Shield            |    42 |     5 ||    47
